Map: King's Cove LE

Players

PitaEnigma - Winner!

  • Race: Terran Terran
  • Spawn Location: 11:00

pHARM

  • Race: Zerg Zerg
  • League: Platinum
  • Spawn Location: 5:00

VOD

Have the link to the VOD?

Description

Time

  • Played on: Aug. 5, 2019, 4:39 p.m.
  • Length: 15:42
Show
View Real Time Build Order
Export as new Build Order

PitaEnigma Terran - Winner!

Build Orders: Mech 

Get SALT Encoding   

  12  0:01  SCV  
  13  0:14  SCV  
  14  0:21  Supply Depot  
  14  0:26  SCV  
  15  0:42  SCV  
  16  0:45  Barracks  
  16  0:48  Refinery  
  16  0:56  SCV  
  17  1:08  SCV  
  18  1:20  SCV  
  19  1:32  Orbital Command  
  19  1:34  Marine  
  20  1:46  Command Center  
  20  1:58  SCV  
  21  2:09  Bunker  
  21  2:10  SCV  
  21  2:12  Supply Depot  
  22  2:22  SCV  
  23  2:33  Factory  
  23  2:36  Barracks Tech Lab  
  22  2:44  Supply Depot  
  22  2:52  SCV  
  22  2:57  Refinery  
  23  3:07  Orbital Command  
  23  3:08  SCV  
  24  3:21  Supply Depot  
  24  3:23  SCV  
  25  3:34  Supply Depot  
  25  3:35  SCV  
  26  3:42  SCV  
  26  3:45  Supply Depot  
  26  3:47  SCV  
  28  3:52  Siege Tank  
  31  4:00  SCV x2  
  33  4:12  SCV  
  34  4:17  Command Center  
  34  4:24  Siege Tank  
  34  4:25  SCV  
  34  4:26  SCV  
  39  4:37  SCV  
  39  4:38  SCV  
  41  4:55  SCV  
  41  4:56  SCV  
  41  4:58  Siege Tank  
  46  5:08  Factory, SCV  
  46  5:09  SCV  
  46  5:10  Factory  
  48  5:14  Refinery  
  48  5:16  Refinery  
  48  5:20  SCV  
  48  5:21  SCV  
  50  5:30  Siege Tank  
  50  5:31  Orbital Command  
  50  5:32  SCV  
  50  5:33  SCV  
  55  5:45  SCV x2  
  55  5:47  Armory  
  55  5:49  Armory  
  57  5:54  Orbital Command  
  57  5:57  SCV x2  
  58  6:02  Command Center  
  59  6:09  Siege Tank  
  62  6:23  Factory Reactor x2  
  62  6:36  SCV x3  
  65  6:43  Terran Vehicle And Ship Armor Level 1, Terran Vehicle Weapons Level 1  
  65  6:45  Thor  
  71  6:48  SCV x3  
  74  7:00  SCV x3  
  77  7:04  Hellion x3  
  77  7:05  Hellion  
  85  7:12  SCV  
  85  7:13  SCV x2  
  88  7:25  Command Center  
  88  7:28  Thor  
  94  7:33  Factory x2  
  94  7:35  Factory  
  94  7:38  Hellion, Factory  
  94  7:39  Hellion x3  
  102  7:57  SCV  
  102  7:58  Refinery, SCV x2  
  105  8:00  Hellion, Refinery  
  107  8:08  Supply Depot  
  107  8:09  Supply Depot  
  107  8:10  Supply Depot  
  107  8:11  Supply Depot  
  107  8:18  Engineering Bay, SCV  
  108  8:30  Thor, Hellion x3, SCV x2  
  108  8:31  Hellion  
  124  8:45  Factory Tech Lab x2  
  124  8:46  Factory Reactor, Factory Tech Lab  
  124  8:51  Hellion x3  
  124  8:52  Hellion  
  132  8:56  Planetary Fortress  
  128  9:13  Thor  
  128  9:16  Refinery  
  118  9:20  Refinery  
  110  9:37  Hellion  
  110  9:38  Hellion x3  
  118  9:39  Infernal Pre-Igniter  
  118  9:43  Smart Servos  
  118  9:46  Thor x3  
  118  9:48  Hellion x2  
  141  9:52  SCV  
  141  9:53  SCV x3  
  141  9:56  Thor  
  141  9:59  Hellion x2  
  154  10:05  SCV  
  155  10:11  Supply Depot  
  155  10:12  Supply Depot  
  155  10:13  Supply Depot  
  155  10:14  Supply Depot  
  155  10:22  Terran Vehicle And Ship Armor Level 2, Terran Vehicle Weapons Level 2  
  155  10:27  Missile Turret  
  155  10:28  Missile Turret  
  155  10:32  Missile Turret, SCV x4, Hellion x2  
  155  10:34  Hellion x2  
  167  10:38  Sensor Tower  
  167  10:42  Sensor Tower  
  167  10:43  Thor x3  
  167  10:44  SCV x2  
  167  10:49  Orbital Command  
  187  11:07  Command Center  
  187  11:20  Hellion x15  
  187  11:26  Orbital Command  
  187  11:33  Supply Depot  
  187  11:55  Hellion, Thor  
  195  12:19  Hellion x2  
  199  12:42  Hellion  
  199  13:00  Hellion  
  199  13:01  Hellion x3  
  199  13:02  Hellion  
  199  13:29  Thor  
  179  13:52  Thor x3  
  179  13:55  Hellion  
  177  14:11  Refinery  
  169  14:17  Refinery  
  169  14:26  Starport  
  169  14:28  Starport  
  169  14:31  Starport  
  169  15:01  Hellion x2  
  169  15:02  Hellion x4  
  169  15:04  Starport  
  187  15:08  Starport  
  187  15:10  Starport  
  195  15:34  Starport Tech Lab  
  195  15:35  Starport Tech Lab x2  
  195  15:39  Fusion Core  
Show
View Real Time Build Order
Export as new Build Order

pHARM Zerg 

Build Orders: Hatch First 

Get SALT Encoding   

  12  0:02  Drone  
  13  0:18  Overlord  
  13  0:30  Drone  
  14  0:37  Drone x2  
  16  0:50  Drone  
  16  0:56  Hatchery  
  16  1:01  Drone  
  17  1:06  Drone  
  18  1:21  Spawning Pool  
  18  1:23  Drone  
  18  1:25  Drone  
  19  1:37  Drone  
  20  1:48  Extractor  
  20  1:49  Drone  
  20  2:06  Drone  
  21  2:09  Queen  
  21  2:10  Queen  
  26  2:15  Zergling x2  
  26  2:16  Zergling x2  
  27  2:25  Drone  
  27  2:28  Overlord  
  28  2:45  Overlord  
  28  2:46  Queen  
  30  3:02  Drone x6  
  36  3:05  Lair  
  36  3:25  Baneling Nest  
  35  3:28  Drone x2  
  35  3:29  Drone x6  
  43  3:46  Evolution Chamber, Extractor  
  43  3:47  Extractor  
  40  4:04  Overseer  
  40  4:19  Drone x4  
  40  4:20  Hydralisk Den  
  43  4:30  Overlord x2  
  43  4:40  Drone  
  43  4:42  Overlord x2  
  44  5:28  Metabolic Boost  
  44  5:30  Hatchery  
  44  5:31  Drone  
  44  5:32  Drone x5  
  49  6:02  Roach Warren  
  48  6:05  Spire  
  48  6:06  Infestation Pit  
  46  6:11  Drone x2  
  46  6:12  Drone x11  
  46  6:18  Zerg Melee Weapons Level 1  
  59  6:22  Grooved Spines  
  59  6:44  Hive  
  59  6:46  Roach x8  
  75  6:55  Roach x3  
  75  7:00  Overlord x3  
  81  7:10  Drone  
  82  7:22  Roach x6  
  94  7:29  Overlord x3  
  94  7:36  Muscular Augments  
  94  7:55  Hydralisk x9  
  94  7:57  Overlord x3  
  112  8:04  Hatchery  
  111  8:07  Drone x7, Extractor  
  111  8:08  Extractor  
  114  8:47  Drone x3  
  114  8:48  Drone  
  118  8:58  Greater Spire, Extractor  
  79  9:31  Roach  
  79  9:32  Roach x23  
  127  9:49  Overlord x2  
  127  10:02  Zerg Missile Weapons Level 1  
  127  10:09  Corruptor x8  
  127  10:13  Drone  
  127  10:14  Drone x7  
  151  10:34  Overlord x3  
  151  10:37  Drone x7  
  158  10:53  Zerg Flyer Armor Level 1  
  158  11:06  Extractor  
  158  11:07  Extractor  
  158  11:09  Drone x2  
  158  11:10  Drone x14  
  172  11:35  Hatchery  
  171  11:43  Brood Lord x2  
  171  11:45  Overlord x4  
  171  11:46  Overlord x4  
  175  12:12  Brood Lord x2  
  175  12:13  Brood Lord x4  
  187  12:31  Spine Crawler  
  187  12:32  Spine Crawler  
  187  12:34  Spine Crawler  
  187  12:36  Spine Crawler  
  183  12:38  Spine Crawler  
  183  12:42  Spine Crawler  
  181  12:57  Spine Crawler  
  180  13:05  Roach x11  
  200  13:06  Spine Crawler x2  
  195  13:19  Roach x3  
  200  13:20  Roach  
  182  13:33  Roach x10  
  182  13:34  Roach x14  
  178  13:41  Roach x4  
  148  13:50  Extractor  
  148  13:52  Extractor  
  144  14:04  Roach x4  
  140  14:15  Roach x6  
  140  14:16  Roach x5  
  124  14:23  Roach  
  87  14:39  Roach  
  87  14:40  Roach x2  
  91  14:49  Roach  
  91  14:50  Roach x6  
  93  14:55  Roach  
  75  15:11  Corruptor  
  75  15:12  Corruptor x2  
Tags
 
Composition
Mech
League
Platinum
Matchup
TvZ
Replay Pack
10.7.19
Spawn Locations
Cross Positions
Add a new tag
Caveats
  • Supply blocks, unpowered buildings, or Contaminate may cause inaccurate times.
  • Supply counts are checked every 10 seconds.